 Dungeon Crawl Stone Soup version 0.29-a0-878-g7b45a56547 (webtiles) character file.

Game seed: 10138517604890197323

1495 Destapler the Chopper (level 8, -1/60 HPs)
             Began as a Gnoll Wanderer on July 20, 2022.
             Was an Elder of Fedhas.
             Slain by an ogre
             ... wielding a +0 giant spiked club
              (14 damage)
             ... on level 6 of the Dungeon.
             The game lasted 00:19:32 (7934 turns).

Destapler the Chopper (Gnoll Wanderer)              Turns: 7934, Time: 00:19:33

Health: -1/60      AC:  8    Str: 13    XL:     8   Next: 81%
Magic:  13/13      EV: 13    Int: 10    God:    Fedhas [****..]
Gold:   292        SH:  0    Dex: 14    Spells: 14/14 levels left

rFire   . . .      SeeInvis .   a - +3 hand axe (drain)
rCold   . . .      Faith    .   (no shield)
rNeg    . . .      Spirit   .   h - +0 steam dragon scales
rPois   .          Reflect  .   (no helmet)
rElec   .          Harm     .   E - +1 cloak {rCorr}
rCorr   +          Rampage  .   (no gloves)
Will    .....                   (no boots)
Stlth   ++........              p - amulet of magic regeneration
HPRegen 0.20/turn               C - ring of flight
MPRegen 0.53/turn               t - +4 ring of slaying

@: flying
A: fangs 1, strong nose, distributed training
a: Renounce Religion, Wall of Briars, Grow Ballistomycete, Overgrow


You were on level 6 of the Dungeon.
You worshipped Fedhas.
Fedhas was greatly pleased with you.
You visited 1 branch of the dungeon, and saw 6 of its levels.

You collected 292 gold pieces.

Inventory:

Hand Weapons
 a - a +3 hand axe of draining (weapon)
 b - a +0 short sword
 r - a +1 short sword of venom
Missiles
 A - 11 poisoned darts
 B - a boomerang (quivered)
Armour
 h - +0 steam dragon scales (worn)
 E - a +1 cloak of preservation (worn)
Jewellery
 p - an amulet of magic regeneration (around neck)
 t - a +4 ring of slaying (right hand)
 C - a ring of flight (left hand)
Wands
 c - a wand of polymorph (4)
 x - a wand of mindburst (1)
Scrolls
 d - 2 scrolls of enchant armour
 f - a scroll of enchant weapon
 g - 4 scrolls of teleportation
 q - a scroll of vulnerability
 s - a scroll of identify
 v - 2 scrolls of noise
Potions
 i - 2 potions of curing
 j - 2 potions of invisibility
 k - a potion of heal wounds {unknown}
 l - a potion of attraction
 m - 2 potions of haste
 n - a potion of degeneration {unknown}
 o - a potion of might {unknown}
 u - a potion of brilliance {unknown}
 w - 2 potions of lignification
 z - a potion of resistance {unknown}
 H - a potion of flight {unknown}


   Skills:
 + Level 3.7 Fighting
 + Level 7.6 Short Blades
 + Level 3.7 Long Blades
 + Level 7.6 Axes
 + Level 3.7 Maces & Flails
 + Level 3.7 Polearms
 + Level 3.7 Staves
 + Level 3.7 Ranged Weapons
 + Level 3.7 Throwing
 + Level 6.0 Armour
 + Level 3.7 Dodging
 + Level 3.7 Stealth
 + Level 3.7 Shields
 + Level 3.7 Unarmed Combat
 + Level 3.7 Spellcasting
 + Level 3.0 Conjurations
 + Level 3.0 Hexes
 + Level 3.0 Summonings
 + Level 3.0 Necromancy
 + Level 3.0 Translocations
 + Level 3.0 Transmutations
 + Level 3.0 Fire Magic
 + Level 3.0 Ice Magic
 + Level 3.0 Air Magic
 + Level 3.0 Earth Magic
 + Level 3.0 Poison Magic
 + Level 4.1 Invocations
 + Level 6.0 Evocations


You had 14 spell levels left.
You didn't know any spells.
Your spell library contained the following spells:

 Spells                   Type           Power      Damage    Failure   Level
 Magic Dart               Conj           32%        1d4       8%          1
 Poisonous Vapours        Pois/Air       16%        N/A       11%         2
 Searing Ray              Conj           16%        2d5       11%         2
 Conjure Flame            Conj/Fire      8%         6-21      22%         3
 Ignite Poison            Fire/Tmut/Pois 8%         N/A       22%         3
 Corpse Rot               Necr/Pois/Air  8%         N/A       58%         4
 Fulminant Prism          Conj/Hex       4%         3d6       58%         4
 Sticky Flame             Conj/Fire      8%         2d3       58%         4


Dungeon Overview and Level Annotations

Branches:
Dungeon (6/15)             Temple (0/1) D:4

Altars:
Fedhas
Ru

Shops:
D:1 =   D:4 [   D:5 !

Annotations:
D:6 Dowan, Duvessa


Innate Abilities, Weirdness & Mutations

You have very sharp teeth.
Your uncanny sense of smell can sniff out nearby items.
Your experience applies equally to all skills.


Message History

Blork the orc hits you but does no damage.
You slash Blork the orc!
You kill Blork the orc!
Fedhas appreciates your contribution to the ecosystem.
Your Armour skill increases to level 6!
Your Evocations skill increases to level 6!
Things that are here:
a +0 war axe; a +2 robe of cold resistance; the orc corpse of Blork the orc
Found a ring mail.
Things that are here:
a +0 war axe; a +2 robe of cold resistance; the orc corpse of Blork the orc An ogre comes into view.
It is wielding a +0 giant spiked club.
Things that are here:
a +0 trident; a +0 chain mail You throw a boomerang.
The ogre shouts!
The boomerang hits the ogre.
The ogre is lightly wounded.
You throw a boomerang. The boomerang hits the ogre.
The ogre is moderately wounded.
You throw a boomerang. The boomerang hits the ogre!
The ogre is heavily wounded.
The ogre closely misses you.
You throw a boomerang. The boomerang hits the ogre.
The ogre is severely wounded.
The ogre hits you with a +0 giant spiked club!!
Ouch! That really hurt!
You throw a boomerang. The boomerang hits the ogre.
The ogre is almost dead.
You throw a boomerang. The boomerang barely misses the ogre.
The ogre barely misses you.
You throw a boomerang. The boomerang hits the ogre.
The ogre is almost dead.
The ogre hits you with a +0 giant spiked club!
* * * LOW HITPOINT WARNING * * *
You are too injured to fight recklessly!
It was a potion of magic.
Magic courses through your body.
The ogre hits you with a +0 giant spiked club!
You die...
Fedhas appreciates your contribution to the ecosystem.

# #.. ##. #.. #..
#.8#### ###### #.#
##.... ###....#
#.# #..###
#......## #.##
##.## #..####.##
##..### ##.[#
##### #.)#
##.###)....###..##
....# #.##
#<.@O[)........#
##..# #.#
##............##
#..# #.#
#######..)..##
#..###.## ##....#
##...##..###
##.....# ∆
...........#####
#.......
..............[#
........
.......#######.##
#........
####...## #..#
##.......#


You could see an ogre.

Vanquished Creatures
  Prince Ribbit (D:5)
  Grinder (D:3)
  A steam dragon (D:6)
  A water moccasin (D:5)
  An ogre (D:5)
  2 phantoms
  Blork the orc (D:6)
  A scorpion (D:5)
  Crazy Yiuf (D:4)
  3 orc priests
  Terence (D:3)
  2 orc wizards
  Ijyb (D:3)
  An iguana (D:5)
  9 adders
  4 gnolls
  A white imp (D:5)
  2 ufetubi
  2 worms
  A dart slug (D:2)
  17 orcs
  10 endoplasms
  4 giant cockroaches (D:2)
  9 goblins
  13 hobgoblins
  7 jackals (D:2)
  5 quokkas
  7 ball pythons
  5 bats
  10 frilled lizards
  7 kobolds
  5 rats (D:2)
136 creatures vanquished.

Notes
Turn   | Place    | Note
-------+----------+-------------------------------------------
     0 | D:1      | Destapler the Gnoll Wanderer began the quest for the Orb.
     0 | D:1      | Destapler set off with the following items: a +2 hand axe,
                  | a +0 short sword, a wand of polymorph (5), a potion of
                  | berserk rage, a +0 leather armour.
     0 | D:1      | Reached XP level 1. HP: 13/13 MP: 1/1
   169 | D:1      | Reached XP level 2. HP: 19/19 MP: 2/2
   173 | D:1      | Found a faded altar of an unknown god.
   207 | D:1      | Prayed at the altar of an unknown god.
   207 | D:1      | Became a worshipper of Fedhas Madash
   207 | D:1      | Reached * piety under Fedhas
   844 | D:1      | Reached XP level 3. HP: 25/25 MP: 3/3
   904 | D:1      | Found Mouneton's Jewellery Emporium.
  1087 | D:1      | Reached ** piety under Fedhas
  1152 | D:2      | Found a sacrificial altar of Ru.
  1180 | D:2      | Reached skill level 1 in Invocations
  1697 | D:2      | Reached skill level 1 in Fighting
  1697 | D:2      | Reached skill level 1 in Long Blades
  1697 | D:2      | Reached skill level 1 in Maces & Flails
  1697 | D:2      | Reached skill level 1 in Polearms
  1697 | D:2      | Reached skill level 1 in Staves
  1697 | D:2      | Reached skill level 1 in Ranged Weapons
  1697 | D:2      | Reached skill level 1 in Throwing
  1697 | D:2      | Reached skill level 1 in Dodging
  1697 | D:2      | Reached skill level 1 in Stealth
  1697 | D:2      | Reached skill level 1 in Shields
  1697 | D:2      | Reached skill level 1 in Unarmed Combat
  1697 | D:2      | Reached skill level 1 in Spellcasting
  1910 | D:2      | HP: 1/26 [iguana (12)]
  2286 | D:2      | Reached XP level 4. HP: 32/32 MP: 5/5
  3070 | D:2      | Reached skill level 1 in Conjurations
  3070 | D:2      | Reached skill level 1 in Hexes
  3070 | D:2      | Reached skill level 1 in Summonings
  3070 | D:2      | Reached skill level 1 in Necromancy
  3070 | D:2      | Reached skill level 1 in Translocations
  3070 | D:2      | Reached skill level 1 in Transmutations
  3070 | D:2      | Reached skill level 1 in Fire Magic
  3070 | D:2      | Reached skill level 1 in Ice Magic
  3070 | D:2      | Reached skill level 1 in Air Magic
  3070 | D:2      | Reached skill level 1 in Earth Magic
  3070 | D:2      | Reached skill level 1 in Poison Magic
  3169 | D:3      | Noticed Terence
  3177 | D:3      | Killed Terence
  3223 | D:3      | Noticed Grinder
  3223 | D:3      | Paralysed by Grinder for 5 turns
  3227 | D:3      | Noticed Ijyb
  3276 | D:3      | Reached XP level 5. HP: 34/37 MP: 7/7
  3544 | D:2      | Reached *** piety under Fedhas
  3792 | D:3      | Killed Ijyb
  4046 | D:3      | Paralysed by Grinder for 5 turns
  4055 | D:3      | Killed Grinder
  4056 | D:3      | Reached skill level 5 in Armour
  4056 | D:3      | Reached skill level 5 in Evocations
  4056 | D:3      | Reached XP level 6. HP: 30/44 MP: 7/9
  4688 | D:4      | Reached XP level 7. HP: 40/50 MP: 10/10
  4822 | D:4      | Found Isaaw's Armour Emporium.
  5089 | D:4      | Found a staircase to the Ecumenical Temple.
  5303 | D:4      | Found a runed translucent door.
  5304 | D:4      | Noticed Crazy Yiuf
  5311 | D:4      | Killed Crazy Yiuf
  5655 | D:5      | Entered Level 5 of the Dungeon
  5925 | D:5      | Reached **** piety under Fedhas
  6355 | D:5      | Reached XP level 8. HP: 36/58 MP: 12/12
  6519 | D:5      | Noticed Prince Ribbit
  6539 | D:5      | Killed Prince Ribbit
  6711 | D:5      | Found the amulet of Elemental Vulnerability {rPois rF--
                  | rC-- AC+8}
  6716 | D:5      | Found Geheluov's Distillery.
  7386 | D:6      | Noticed Duvessa
  7386 | D:6      | Noticed Dowan
  7776 | D:6      | Noticed Blork the orc
  7785 | D:6      | Killed Blork the orc
  7934 | D:6      | Slain by an ogre

Illustrated notes

Levels and vault maps discovered:
D:1:      dpeg_arrival_pond, layout_basic, hellmonk_ecumenical_altar_lost_god,
          serial_shops, shop_statue, minmay_misc_feat_rows, dk_noncrumbling_4,
          minmay_lizard_pond
D:2:      minmay_thinvault, layout_basic, basic_altar
D:3:      layout_basic, uniq_terence, uniq_ijyb, uniq_grinder
D:4:      layout_loops_ring, temple_doors_e, serial_shops, shop,
          kennysheep_cross_bottleneck, eino_tiny_chamber,
          uniq_crazy_yiuf_cottage
D:5:      layout_loops_ring, serial_shops, shop,
          hangedman_abyss_or_decor_lesser_grid, uniq_prince_ribbit1
D:6:      layout_layer_cave, biasface_ghost_orc_armoury, uniq_blork_the_orc,
          uniq_duvessa

Skill      XL: |  1  2  3  4  5  6  7  8 |
---------------+-------------------------+-----
Invocations    | 1 2 3 4 |  4.1
Fighting       | 1 2 3 |  3.7
Long Blades    | 1 2 3 |  3.7
Maces & Flails | 1 2 3 |  3.7
Polearms       | 1 2 3 |  3.7
Staves         | 1 2 3 |  3.7
Ranged Weapons | 1 2 3 |  3.7
Throwing       | 1 2 3 |  3.7
Dodging        | 1 2 3 |  3.7
Stealth        | 1 2 3 |  3.7
Shields        | 1 2 3 |  3.7
Unarmed Combat | 1 2 3 |  3.7
Spellcasting   | 1 2 3 |  3.7
Conjurations   | 1 2 3 |  3.0
Hexes          | 1 2 3 |  3.0
Summonings     | 1 2 3 |  3.0
Necromancy     | 1 2 3 |  3.0
Translocations | 1 2 3 |  3.0
Transmutations | 1 2 3 |  3.0
Fire Magic     | 1 2 3 |  3.0
Ice Magic      | 1 2 3 |  3.0
Air Magic      | 1 2 3 |  3.0
Earth Magic    | 1 2 3 |  3.0
Poison Magic   | 1 2 3 |  3.0
Armour         | 5 6 |  6.0
Evocations     | 5 6 |  6.0
Short Blades   | 7 |  7.6
Axes           | 7 |  7.6

Action                   |  1- 3 |  4- 6 |  7- 9 || total
-------------------------+-------+-------+-------++-------
Melee: Hand axe          |   140 |   119 |   135 ||   394
       Bite              |    11 |    11 |    12 ||    34
       Punch             |     3 |     2 |     5 ||    10
Throw: Stone             |    12 |       |       ||    12
       Boomerang         |       |       |    21 ||    21
Invok: Wall of Briars    |       |     1 |       ||     1
Evoke: Wand              |       |       |     1 ||     1
  Use: Potion            |     1 |     1 |     1 ||     3
       Scroll            |       |       |    16 ||    16
 Stab: Sleeping          |     2 |     2 |     2 ||     6
Armor: Leather armour    |    27 |    21 |    14 ||    62
       Steam dragon scal |       |       |     3 ||     3
Dodge: Dodged            |    87 |    48 |    65 ||   200

Table legend: (Time is in decaauts)
 A = Elapsed time spent in this place.
 B = Non-inter-level travel time spent in this place.
 C = Inter-level travel time spent in this place.
 D = Time resting spent in this place.
 E = Time spent auto-exploring this place.
 F = Levels seen in this place.
 G = Mean time per level.
                   A        B        C        D        E       F      G
               +--------+--------+--------+--------+--------+-----+--------+
         Total |   7927 |   7645 |    282 |   1164 |   5399 |   6 | 1321.2 |
       Dungeon |   7927 |   7645 |    282 |   1164 |   5399 |   6 | 1321.2 |
               +--------+--------+--------+--------+--------+-----+--------+

Top non-repeatable levels by time:
     D:5: 1977 daAuts
     D:2: 1912 daAuts
     D:1: 1434 daAuts
     D:4: 1381 daAuts
     D:3: 927 daAuts
     D:6: 293 daAuts
